 Dungeon Crawl Stone Soup version 0.29.1-15-g9cfb28693d (webtiles) character file.

Game seed: 10536204818586062048

4388 booth the Conjurer (level 10, -5/73 HPs)
             Began as a Demonspawn Conjurer on Mar 23, 2023.
             Was a Follower of Vehumet.
             Slain by a yak (7 damage)
             ... on level 8 of the Dungeon on Mar 24, 2023.
             The game lasted 01:21:32 (10742 turns).

booth the Conjurer (Demonspawn Conjurer)           Turns: 10742, Time: 01:21:32

Health: -5/73      AC:  9    Str:  8    XL:     10   Next: 13%
Magic:  17/17      EV: 12    Int: 24    God:    Vehumet [*.....]
Gold:   362        SH:  0    Dex: 11    Spells: 6/19 levels left

rFire   . . .      SeeInvis +   k - +2 dagger (flame)
rCold   + . .      Faith    .   (no shield)
rNeg    . . .      Spirit   .   F - +1 leather armour {rC+}
rPois   .          Reflect  .   b - +2 hat
rElec   .          Harm     .   (no cloak)
rCorr   .          Rampage  .   (no gloves)
Will    ++...                   e - +0 pair of boots
Stlth   +++.......              l - amulet of magic regeneration
HPRegen 1.22/turn               t - ring of see invisible
MPRegen 0.55/turn               x - ring of willpower

@: about to teleport
A: antennae 2, yellow scales 1, powered by death 1, powered by pain 1, torment
resistance 1, demonic willpower
a: Renounce Religion


You were on level 8 of the Dungeon.
You worshipped Vehumet.
Vehumet was aware of your devotion.
You visited 2 branches of the dungeon, and saw 9 of its levels.

You collected 362 gold pieces.

Inventory:

Hand Weapons
 c - a +0 quarterstaff
 j - a +0 hand axe
 k - a +2 dagger of flaming (weapon)
 r - a +0 mace
 y - a +1 vorpal flail
 E - a +1 flail of protection
Missiles
 m - 16 poisoned darts (quivered)
 w - 5 throwing nets
 C - 13 boomerangs
Armour
 a - a +1 robe
 b - a +2 hat (worn)
 e - a +0 pair of boots (worn)
 F - a +1 leather armour of cold resistance (worn)
Magical Staves
 h - a staff of cold
Jewellery
 l - an amulet of magic regeneration (around neck)
 o - a ring of ice
 s - a ring of fire
 t - a ring of see invisible (left hand)
 x - a ring of willpower (right hand)
 J - an amulet of regeneration
Wands
 d - a wand of quicksilver (5)
 I - a wand of polymorph (11)
Scrolls
 g - 3 scrolls of fear
 A - a scroll of teleportation
 B - a scroll of amnesia
 G - a scroll of poison {unknown}
 K - a scroll of identify
Potions
 f - a potion of berserk rage
 i - a potion of cancellation
 p - a potion of mutation {unknown}
 u - 3 potions of curing
 v - a potion of degeneration {unknown}
 z - a potion of magic
 D - a potion of ambrosia {unknown}
 H - 2 potions of flight {unknown}


   Skills:
 + Level 4.7 Fighting
 + Level 4.0 Maces & Flails
 + Level 5.2 Dodging
 + Level 5.6 Stealth
 + Level 5.3 Spellcasting
 + Level 7.0 Conjurations
 + Level 4.9 Hexes
 + Level 4.2 Earth Magic


You had 6 spell levels left.
You knew the following spells:

 Your Spells              Type           Power      Damage    Failure   Level
a - Magic Dart            Conj           100%       1d8       1%          1
b - Searing Ray           Conj           80%        2d7       1%          2
c - Dazzling Flash        Conj/Hex       70%        N/A       3%          3
d - Sandblast             Erth           52%        2d12      2%          1
e - Passwall              Tmut/Erth      13%        N/A       8%          2
f - Stone Arrow           Conj/Erth      66%        3d11      3%          3
g - Foxfire               Conj/Fire      92%        2x1d8     3%          1

Your spell library contained the following spells:

 Spells                   Type           Power      Damage    Failure   Level
 Shock                    Conj/Air       92%        1d8       3%          1
 Fulminant Prism          Conj/Hex       17%        3d11      11%         4
 Iskenderun's Mystic Bla  Conj/Tloc      23%        2d6       28%         4
 Swiftness                Air            6%         N/A       36%         3
 Airstrike                Air            3%         2d(1-17)  77%         4


Dungeon Overview and Level Annotations

Branches:
Dungeon (8/15)             Temple (1/1) D:7
   Lair: D:8-11

Altars:
Ashenzari
Cheibriados
Dithmenos
Fedhas
Gozag
Hepliaklqana
Kikubaaqudgha
Makhleb
Nemelex Xobeh
Okawaru
Qazlal
Ru
Sif Muna
Trog
Uskayaw
Vehumet
Wu Jian
Xom
Yredelemnul

Shops:
D:1 !   D:8 ?


Innate Abilities, Weirdness & Mutations

You have a pair of antennae on your head.
You are partially covered in yellow scales. (AC +2)
You regenerate a little health from kills.
You sometimes gain a little power by taking damage.
You are resistant to unholy torment.
You punish those that try to bend your will. (Will+)


Message History

The killer bee stings you! The killer bee closely misses you.
The yak closely misses you.
Casting: Searing Ray (safe; 1% risk of failure)
Confirm with . or Enter, or press ? or * to list all spells.
Aiming: Searing Ray (safe; 1% risk of failure)
Press: ? - help, Shift-Dir - straight line, p - yak The searing ray hits the killer bee!
The killer bee is almost dead.
The searing ray hits the yak!
The yak is moderately wounded.
The searing ray hits the yak!
The yak is moderately wounded. (Press . to maintain the ray.)
The killer bee stings you. The killer bee closely misses you.
The yak gores you. The yak closely misses you. The yak misses you.
The searing ray hits the killer bee!
You kill the killer bee!
Vehumet accepts your kill.
The searing ray hits the yak.
The yak is lightly wounded.
The yak gores you but does no damage. The yak gores you. The yak gores you!
You focus on the pain.
You feel your power returning.
The searing ray hits the yak.
The yak is moderately wounded.
The searing ray hits the yak.
The yak is moderately wounded.
A killer bee comes into view. x2
The yak gores you but does no damage.
A kobold comes into view. It is wielding a +0 short sword.
The yak gores you.
* * * LOW HITPOINT WARNING * * *
The yak gores you!
* * * LOW HITPOINT WARNING * * *
The yak gores you.
* * * LOW HITPOINT WARNING * * *
As you read the scroll of teleportation, it crumbles to dust.
You feel strangely unstable. The yak misses you. The yak gores you!
* * * LOW HITPOINT WARNING * * *
The yak gores you!
You die...

.....#...#
##...##..........#
...##....#
###..#........>.#
..###...##
##.......≈≈≈..#
### #...#
##.....≈≈~~~.# #
#...#
#.....≈≈∩...# #
##..## ##.....≈≈~
#...# ##.......≈≈
#... ##Y.........
#... ##@Y.........
##..#
##YYY......##>
o##..o#
##..Y.....###
..o..<#
##........##
#.....#
#.......###
###..## #..y...###
##o ......... ..
....y.K... ...
.....#.....


You could see 6 yaks, 2 killer bees and a kobold (wandering).

Vanquished Creatures
  A two-headed ogre (D:7)
  Joseph (D:7)
  Eustachio (D:5)
  Edmund (D:5)
  Menkaure (D:5)
  An orc warrior (D:7)
  A sky beast (D:8)
  A black bear (D:6)
  An ogre (D:6)
  A centaur (D:6)
  2 phantoms (D:5)
  A kobold brigand (D:8)
  A bullfrog (D:6)
  3 necrophages
  3 gnoll sergeants
  4 scorpions
  4 wights (D:6)
  16 killer bees
  A howler monkey (D:7)
  A hound (D:4)
  2 jellies
  3 gnoll boudas
  3 orc priests
  An iguana (D:5)
  7 orc wizards
  Natasha (D:3)
  2 adders
  21 gnolls
  A white imp (D:5)
  A dart slug (D:5)
  26 orcs
  6 ball pythons
  3 bats
  7 endoplasms
  2 giant cockroaches
  12 goblins
  13 hobgoblins
  3 jackals (D:3)
  3 quokkas
  4 frilled lizards
  10 kobolds
  6 rats
183 creatures vanquished.

Vanquished Creatures (others)
  5 dream sheep (D:3)
  A foxfire (D:8)
6 creatures vanquished.

Grand Total: 189 creatures vanquished

Notes
Turn   | Place    | Note
-------+----------+-------------------------------------------
     0 | D:1      | booth the Demonspawn Conjurer began the quest for the Orb.
     0 | D:1      | Reached XP level 1. HP: 13/13 MP: 3/3
   327 | D:1      | Found Ibeshrike's Distillery.
   542 | D:1      | Gained mutation: You have a pair of small antennae on your
                  | head. [demonic ancestry]
   542 | D:1      | Reached XP level 2. HP: 19/19 MP: 1/5
   739 | D:1      | Learned a level 2 spell: Searing Ray
  1134 | D:1      | Found a faded altar of an unknown god.
  1428 | D:2      | Gained mutation: You are partially covered in yellow
                  | scales. (AC +2) [demonic ancestry]
  1428 | D:2      | Reached XP level 3. HP: 24/24 MP: 2/6
  1660 | D:2      | Found a sacrificial altar of Ru.
  2214 | D:3      | Noticed Natasha
  2361 | D:3      | Learned a level 3 spell: Dazzling Flash
  2841 | D:3      | Reached XP level 4. HP: 30/30 MP: 4/7
  2940 | D:3      | Noticed a dream sheep
  2940 | D:3      | Noticed a dream sheep
  2940 | D:3      | Noticed a dream sheep
  2940 | D:3      | Noticed a dream sheep
  2940 | D:3      | Noticed a dream sheep
  2940 | D:3      | Found a shimmering altar of Xom.
  2945 | D:3      | Killed a dream sheep
  2945 | D:3      | Killed a dream sheep
  2945 | D:3      | Killed a dream sheep
  2945 | D:3      | Killed a dream sheep
  2945 | D:3      | Killed a dream sheep
  3049 | D:3      | Killed Natasha
  3447 | D:4      | Reached skill level 1 in Hexes
  3514 | D:4      | Reached skill level 1 in Fighting
  3514 | D:4      | Gained mutation: You regenerate a little health from kills.
                  | [demonic ancestry]
  3514 | D:4      | Reached XP level 5. HP: 37/37 MP: 4/9
  3889 | D:4      | You fall into a shaft and drop 2 floors!
  3917 | D:5      | Entered Level 5 of the Dungeon
  4068 | D:4      | Learned a level 1 spell: Sandblast
  4071 | D:4      | Learned a level 2 spell: Passwall
  4830 | D:5      | Reached skill level 5 in Conjurations
  4836 | D:5      | Noticed a phantom
  4880 | D:5      | Noticed a phantom
  4890 | D:5      | Killed a phantom
  4891 | D:5      | Gained mutation: You sometimes gain a little power by
                  | taking damage. [demonic ancestry]
  4891 | D:5      | Reached XP level 6. HP: 42/43 MP: 3/10
  4909 | D:5      | Noticed Menkaure
  5304 | D:5      | Killed Menkaure
  5305 | D:5      | Reached skill level 1 in Earth Magic
  5608 | D:5      | Gained mutation: You have a pair of antennae on your head.
                  | [demonic ancestry]
  5608 | D:5      | Reached XP level 7. HP: 50/50 MP: 7/12
  5679 | D:5      | Noticed Eustachio
  5761 | D:5      | Learned a level 3 spell: Stone Arrow
  5803 | D:5      | Killed Eustachio
  5842 | D:5      | Reached skill level 1 in Maces & Flails
  5917 | D:5      | Noticed Edmund
  6001 | D:5      | Killed Edmund
  6143 | D:5      | Gained mutation: You punish those that try to bend your
                  | will. (Will+) [demonic ancestry]
  6143 | D:5      | Reached XP level 8. HP: 49/57 MP: 5/13
  6696 | D:6      | Reached skill level 6 in Conjurations
  7749 | D:7      | Found a staircase to the Ecumenical Temple.
  7754 | D:8      | Found Zaasupn's Magic Scroll Emporium.
  7773 | D:7      | Gained mutation: You are resistant to unholy torment.
                  | [demonic ancestry]
  7773 | D:7      | Reached XP level 9. HP: 42/64 MP: 11/15
  7802 | D:7      | Noticed a two-headed ogre
  7815 | D:7      | Killed a two-headed ogre
  7816 | D:7      | Reached skill level 5 in Stealth
  8106 | Temple   | Entered the Ecumenical Temple
  8203 | Temple   | Became a worshipper of Vehumet
  8252 | D:7      | Noticed Joseph
  8649 | D:7      | Killed Joseph
  8710 | D:7      | Reached skill level 5 in Spellcasting
  8921 | D:7      | Reached skill level 5 in Dodging
  9811 | D:8      | Reached * piety under Vehumet
  9811 | D:8      | Offered knowledge of Foxfire by Vehumet.
  9815 | D:8      | Learned a level 1 spell: Foxfire
 10101 | D:8      | Reached XP level 10. HP: 44/73 MP: 13/17
 10112 | D:8      | Reached skill level 7 in Conjurations
 10742 | D:8      | HP: 2/73 [yak (9)]
 10742 | D:8      | Slain by a yak

Illustrated notes

Levels and vault maps discovered:
D:1:      dpeg_arrival_line_fractal, layout_basic, serial_shops,
          nicolae_shop_stone, shapermc_ecumenical_altar_totnotflames
D:2:      layout_rooms, basic_altar, minmay_pentomino_t2
D:3:      layout_loops_ring, kb_xom_exploding_sheep, uniq_natasha
D:4:      layout_cave_pods
D:5:      layout_rooms, uniq_menkaure, uniq_edmund, uniq_eustachio
D:6:      wander_river, layout_rooms, nicolae_ossuary_entry_plus
D:7:      layout_basic, minmay_temple_entry_butterflies, enter_bailey_5,
          uniq_joseph
D:8:      layout_cave_pods, serial_shops, nicolae_shop_waterfront
Temple:   compressed_dpeg_triangle_lava_temple

Skill      XL: |  1  2  3  4  5  6  7  8  9 10 |
---------------+-------------------------------+-----
Dodging        | 2 3 4 5 |  5.2
Stealth        | 2 3 4 5 |  5.6
Hexes          | 1 2 3 4 |  4.9
Fighting       | 1 2 3 4 |  4.7
Conjurations   | 5 6 7 |  7.0
Spellcasting   | 3 4 5 |  5.3
Earth Magic    | 1 2 3 4 |  4.2
Maces & Flails | 1 2 3 4 |  4.0

Action                   |  1- 3 |  4- 6 |  7- 9 | 10-12 || total
-------------------------+-------+-------+-------+-------++-------
Melee: Unarmed           |     9 |       |       |       ||     9
       Punch             |     2 |     1 |       |       ||     3
       Short sword       |    56 |       |       |       ||    56
       Dagger            |     9 |    35 |    25 |     2 ||    71
Throw: Dart              |       |     1 |     8 |       ||     9
       Boomerang         |       |       |     1 |       ||     1
       Javelin           |       |       |     1 |     2 ||     3
 Cast: Magic Dart        |    79 |    38 |    82 |     2 ||   201
       Searing Ray       |     3 |    11 |    59 |    12 ||    85
       Stone Arrow       |       |       |     7 |       ||     7
       Foxfire           |       |       |     1 |       ||     1
  Use: Potion            |     2 |     1 |     2 |     1 ||     6
       Scroll            |     3 |     6 |     4 |     1 ||    14
 Stab: Sleeping          |     1 |       |     1 |       ||     2
       Distracted        |     1 |       |       |       ||     1
Armor: Robe              |    29 |    17 |     8 |       ||    54
       Leather armour    |       |       |    39 |    17 ||    56
Dodge: Dodged            |    50 |    27 |   119 |    31 ||   227
